 Dungeon Crawl Stone Soup version 0.26.1-11-gd32895ea62 (webtiles) character file.

Game seed: 12908217404767408991

296 nothank2 the Slasher (level 6, -1/53 HPs)
             Began as a Gnoll Chaos Knight on July 8, 2021.
             Was a Plaything of Xom.
             Slain by a river rat (5 damage)
             ... summoned by Eustachio
             ... on level 4 of the Dungeon.
             The game lasted 00:08:53 (2799 turns).

nothank2 the Slasher (Gnoll Chaos Knight)           Turns: 2799, Time: 00:08:54

Health: -1/53      AC:  7    Str: 17      XL:     6   Next: 34%
Magic:  8/8        EV: 11    Int: 14      God:    Xom [...*..]
Gold:   277        SH:  0    Dex:  8 (14) Spells: 8/8 levels left

rFire    + . .     SeeInvis .   a - +1 falchion (chaos)
rCold    x . .     Faith    .   (no shield)
rNeg     . . .     Spirit   .   m - +0 ring mail
rPois    .         Reflect  .   j - +0 helmet
rElec    .         Harm     .   (no cloak)
rCorr    .         Rampage  .   (no gloves)
Will     .....                  (no boots)
Stlth    +.........             (no amulet)
HPRegen  0.17/turn              r - ring of fire
MPRegen  0.11/turn              (no ring)

@: cleaving
A: distributed training, fangs 1, strong nose
a: Renounce Religion


You were on level 4 of the Dungeon.
You worshipped Xom.
You were a favourite toy of Xom.
You visited 1 branch of the dungeon, and saw 4 of its levels.

You collected 277 gold pieces.

Inventory:

Hand Weapons
 a - a +1 falchion of chaos (weapon)
 q - a +2 hand axe of flaming
Missiles
 k - 9 poisoned darts
 p - 4 atropa-tipped darts (quivered)
Armour
 b - a +2 leather armour
 j - a +0 helmet (worn)
 m - a +0 ring mail (worn)
Jewellery
 r - a ring of fire (left hand)
Scrolls
 f - 2 scrolls of remove curse
 g - a scroll of fog
 i - a scroll of magic mapping
Potions
 c - 3 potions of berserk rage
 d - a potion of heal wounds {unknown}
 e - 4 potions of magic {unknown}
 h - 2 potions of curing {unknown}
 l - a potion of attraction {unknown}
 s - a potion of degeneration {unknown}


   Skills:
 + Level 6.8 Fighting
 + Level 1.9 Short Blades
 + Level 6.8 Long Blades
 + Level 1.9 Axes
 + Level 1.9 Maces & Flails
 + Level 1.9 Polearms
 + Level 1.9 Staves
 + Level 1.9 Slings
 + Level 1.9 Bows
 + Level 1.9 Crossbows
 + Level 1.9 Throwing
 + Level 5.0 Armour
 + Level 3.2 Dodging
 + Level 1.9 Stealth
 + Level 1.9 Shields
 + Level 1.9 Unarmed Combat
 + Level 1.9 Spellcasting
 + Level 1.5 Conjurations
 + Level 1.5 Hexes
 + Level 1.5 Summonings
 + Level 1.5 Necromancy
 + Level 1.5 Translocations
 + Level 1.5 Transmutations
 + Level 1.5 Fire Magic
 + Level 1.5 Ice Magic
 + Level 1.5 Air Magic
 + Level 1.5 Earth Magic
 + Level 1.5 Poison Magic
 + Level 2.1 Invocations
 + Level 1.9 Evocations


You had 8 spell levels left.
You didn't know any spells.
Your spell library contained the following spells:

 Spells                   Type           Power        Failure   Level
 Confusing Touch          Hex            5%           54%         3
 Gell's Gravitas          Tloc           2%           54%         3
 Petrify                  Tmut/Erth      5%           91%         4
 Metabolic Englaciation   Hex/Ice        2%           99%         5
 Yara's Violent Unravell  Hex/Tmut       2%           99%         5


Dungeon Overview and Level Annotations

Branches:
Dungeon (4/15)
 Temple: D:4-7

Altars:
Elyvilon
Makhleb

Annotations:
D:4 Eustachio


Innate Abilities, Weirdness & Mutations

Your experience applies equally to all skills.
You have very sharp teeth.
Your uncanny sense of smell can sniff out nearby items.


Message History

Eustachio casts a spell.
The quasit bites you but does no damage.
The quasit barely misses you. x2; The iron imp closely misses you.
The ufetubus barely misses you.
You riposte.
You miss the ufetubus. Your bite misses the ufetubus.
You hit Eustachio but do no damage. You barely miss the river rat.
You hit the iron imp but do no damage. The ufetubus closely misses you.
Eustachio hits you but does no damage.
You hit Eustachio. You burn Eustachio.
Eustachio is almost dead.
You hit the ufetubus. You burn the ufetubus.
You hit the iron imp but do no damage. You hit the river rat but do no damage.
The quasit disappears in a puff of smoke!
The ufetubus hits you but does no damage.
The ufetubus hits you. Eustachio hits you with a +0 rapier.
* * * LOW HITPOINT WARNING * * *
The iron imp hits you!
* * * LOW HITPOINT WARNING * * *
The river rat bites you.
You die...
Xom cackles wildly!

########################
.........)....br@@......
.........###...555......
.........###....r.......
..........##.........###
......)....#########.#
............## ..#
.............# ∆ ...
≈≈≈≈≈≈.......## . ..
≈####≈≈.......###..


You could see Eustachio (fast, resistant), an iron imp (summoned), 2 river rats,
2 ufetubi and a bat (summoned).

Vanquished Creatures
  2 orc priests (D:4)
  An orc wizard (D:3)
  Terence (D:2)
  Natasha (thrice) (D:2)
  3 adders (D:2)
  A worm (D:2)
  2 dart slugs (D:1)
  2 leopard geckos
  3 orcs
  A ball python (D:3)
  7 bats
  4 giant cockroaches
  9 hobgoblins
  A quokka (D:4)
  A frilled lizard (D:1)
  6 goblins
  5 kobolds
  9 rats
61 creatures vanquished.

Vanquished Creatures (collateral kills)
  A worker ant (D:4)
  2 orcs (D:4)
3 creatures vanquished.

Grand Total: 64 creatures vanquished

Notes
Turn   | Place    | Note
-------+----------+-------------------------------------------
     0 | D:1      | nothank2 the Gnoll Chaos Knight began the quest for the
                  | Orb.
     0 | D:1      | Reached XP level 1. HP: 23/23 MP: 1/1
     9 | D:1      | XOM: potion effect (curing)
    78 | D:1      | XOM: divination: magic mapping
   161 | D:1      | Reached XP level 2. HP: 29/29 MP: 2/2
   537 | D:1      | XOM: divination: magic mapping
   686 | D:1      | XOM: silly message
   809 | D:2      | Reached XP level 3. HP: 29/35 MP: 2/4
  1014 | D:2      | Reached skill level 1 in Invocations
  1046 | D:2      | Noticed Natasha
  1051 | D:2      | Killed Natasha
  1052 | D:2      | Reached skill level 1 in Short Blades
  1052 | D:2      | Reached skill level 1 in Axes
  1052 | D:2      | Reached skill level 1 in Maces & Flails
  1052 | D:2      | Reached skill level 1 in Polearms
  1052 | D:2      | Reached skill level 1 in Staves
  1052 | D:2      | Reached skill level 1 in Slings
  1052 | D:2      | Reached skill level 1 in Bows
  1052 | D:2      | Reached skill level 1 in Crossbows
  1052 | D:2      | Reached skill level 1 in Throwing
  1052 | D:2      | Reached skill level 1 in Stealth
  1052 | D:2      | Reached skill level 1 in Shields
  1052 | D:2      | Reached skill level 1 in Unarmed Combat
  1052 | D:2      | Reached skill level 1 in Spellcasting
  1052 | D:2      | Reached skill level 1 in Evocations
  1052 | D:2      | Reached XP level 4. HP: 37/41 MP: 5/5
  1079 | D:2      | Noticed Terence
  1083 | D:2      | Killed Terence
  1084 | D:2      | Reached skill level 1 in Conjurations
  1084 | D:2      | Reached skill level 1 in Hexes
  1084 | D:2      | Reached skill level 1 in Summonings
  1084 | D:2      | Reached skill level 1 in Necromancy
  1084 | D:2      | Reached skill level 1 in Translocations
  1084 | D:2      | Reached skill level 1 in Transmutations
  1084 | D:2      | Reached skill level 1 in Fire Magic
  1084 | D:2      | Reached skill level 1 in Ice Magic
  1084 | D:2      | Reached skill level 1 in Air Magic
  1084 | D:2      | Reached skill level 1 in Earth Magic
  1084 | D:2      | Reached skill level 1 in Poison Magic
  1220 | D:2      | XOM: 2-stop teleportation journey
  1320 | D:2      | Noticed Natasha
  1329 | D:2      | Killed Natasha
  1330 | D:2      | Reached XP level 5. HP: 44/47 MP: 5/7
  1435 | D:2      | XOM: divination: magic mapping
  1473 | D:2      | Noticed Natasha
  1477 | D:2      | Killed Natasha
  1494 | D:2      | Found a white marble altar of Elyvilon.
  1862 | D:2      | Found a burning altar of Makhleb.
  2318 | D:3      | XOM: cloud trail
  2340 | D:3      | XOM: 7-stop teleportation journey
  2557 | D:4      | Reached XP level 6. HP: 28/53 MP: 8/8
  2557 | D:4      | XOM: polymorph dart slug -> quokka
  2569 | D:4      | XOM: cloud trail
  2718 | D:4      | Reached skill level 5 in Armour
  2771 | D:4      | Noticed Eustachio
  2795 | D:4      | XOM: cleaving
  2799 | D:4      | Slain by a river rat

Illustrated notes

Levels and vault maps discovered:
D:1:      evilmike_arrival_plus, layout_loops_ring, dk_noncrumbling_4
D:2:      layout_loops_corners, lemuel_coloured_pillars_altar, elyvilon_altar_3,
          uniq_natasha, uniq_terence
D:3:      layout_rooms, dk_noncrumbling_3, minmay_goblin_outpost
D:4:      layout_basic, nzn_wu_jian_contemplation, serial_shops,
          nicolae_shop_crystal, nicolae_shop_stone, shop_statue,
          nicolae_shop_statue_plus, nicolae_shop_temple_entry_statues_fountains,
          kennysheep_decorative_pillar, minmay_mini_ossuary, uniq_eustachio

Skill      XL: |  1  2  3  4  5  6 |
---------------+-------------------+-----
Invocations    | 1 2 |  2.1
Short Blades   | 1 |  1.9
Axes           | 1 |  1.9
Maces & Flails | 1 |  1.9
Polearms       | 1 |  1.9
Staves         | 1 |  1.9
Slings         | 1 |  1.9
Bows           | 1 |  1.9
Crossbows      | 1 |  1.9
Throwing       | 1 |  1.9
Stealth        | 1 |  1.9
Shields        | 1 |  1.9
Unarmed Combat | 1 |  1.9
Spellcasting   | 1 |  1.9
Evocations     | 1 |  1.9
Conjurations   | 1 |  1.5
Hexes          | 1 |  1.5
Summonings     | 1 |  1.5
Necromancy     | 1 |  1.5
Translocations | 1 |  1.5
Transmutations | 1 |  1.5
Fire Magic     | 1 |  1.5
Ice Magic      | 1 |  1.5
Air Magic      | 1 |  1.5
Earth Magic    | 1 |  1.5
Poison Magic   | 1 |  1.5
Dodging        | 3 |  3.2
Armour         | 5 |  5.0
Fighting       | |  6.8
Long Blades    | |  6.8

Action                   |  1- 3 |  4- 6 || total
-------------------------+-------+-------++-------
Melee: Falchion          |    59 |   111 ||   170
       Bite              |     6 |    14 ||    20
Throw: Dart              |       |     2 ||     2
  Use: Scroll            |       |     8 ||     8
 Stab: Paralysed         |     2 |       ||     2
       Invisible         |       |     1 ||     1
Armor: Ring mail         |    14 |    75 ||    89
       Leather armour    |     7 |       ||     7
Dodge: Dodged            |    39 |   123 ||   162
       Rpst.: Falchion   |    13 |    30 ||    43
